 Dungeon Crawl Stone Soup version 0.29.1-1-gd02db6906a (webtiles) character file.

Game seed: 10275390843769609357

111357 croobank the Spry (level 16, -1/80 HPs)
             Began as a Felid Summoner on Sept 26, 2022.
             Was an Initiate of Gozag.
             Slain by an emperor scorpion (8 damage)
             ... led by a torpor snail
             ... on level 4 of the Spider Nest on Sept 27, 2022.
             The game lasted 07:09:50 (42671 turns).

croobank the Spry (Felid Summoner)                 Turns: 42671, Time: 07:09:51

Health: -1/80      AC:  7    Str:  4    XL:     16   Next: 9%
Magic:  9/41       EV: 31    Int: 22    God:    Gozag
Gold:   5158       SH:  0    Dex: 17    Spells: 3/38 levels left
                                        Lives:  0   Deaths: 5

rFire   . . .      SeeInvis +   (weapon unavailable)
rCold   + . .      Faith    .   (shield unavailable)
rNeg    . . .      Spirit   .   (body armour unavailable)
rPois   .          Reflect  .   (helmet unavailable)
rElec   .          Harm     .   (cloak unavailable)
rCorr   .          Rampage  .   (gloves unavailable)
Will    ++...                   (boots unavailable)
Stlth   +++.......              k - amulet of regeneration
HPRegen 1.83/turn               j - ring of magical power
MPRegen 0.27/turn               w - ring of wizardry

@: lethally poisoned (-1 -> -6), gold aura, very slightly contaminated, quick
A: very small, claws 1, fangs 3, see invisible, speed 1, shaggy fur 3, stealthy
paws, no weapons or thrown items, no armour, multi-lived, iridescent scales 2,
dopey 1, regeneration 1, wild magic 1, evolution 1
a: Renounce Religion, Potion Petition, Call Merchant, Bribe Branch


You were on level 4 of the Spider Nest.
You worshipped Gozag.
Gozag was greatly pleased with you.
You visited 6 branches of the dungeon, and saw 27 of its levels.
You also visited: Bailey.

You collected 8670 gold pieces.
You spent 1688 gold pieces at shops.
You paid 1824 gold pieces to Gozag.

Inventory:

Jewellery
 j - a ring of magical power (left paw)
 k - an amulet of regeneration (around neck)
 m - a ring of resist corrosion
 q - a +4 ring of slaying
 w - a ring of wizardry (right paw)
 x - a ring of ice
 y - an amulet of the acrobat
 z - an amulet of magic regeneration
 C - a ring of willpower
 M - a +6 ring of dexterity
Wands
 o - a wand of paralysis (36)
 t - a wand of flame (35)
 D - a wand of iceblast (6)
 F - a wand of polymorph (7)
Scrolls
 d - 6 scrolls of enchant weapon
 l - a scroll of acquirement
 n - 2 scrolls of magic mapping
 s - 14 scrolls of identify
 u - 6 scrolls of fear
 A - 10 scrolls of teleportation
 E - a scroll of immolation
 G - a scroll of brand weapon
 I - 2 scrolls of vulnerability
 J - a scroll of poison
 K - 3 scrolls of amnesia
Potions
 b - 5 potions of degeneration
 c - a potion of resistance
 e - 7 potions of attraction
 f - 8 potions of curing
 g - 2 potions of haste
 h - 2 potions of flight
 i - 3 potions of lignification
 p - a potion of ambrosia
 r - a potion of mutation
 v - 3 potions of brilliance
 B - a potion of invisibility
 L - 2 potions of berserk rage
Miscellaneous
 a - a phantom mirror (inert)


   Skills:
 + Level 14.9 Fighting
 - Level 19.0 Dodging
 - Level 6.4 Stealth
 + Level 11.8 Spellcasting
 - Level 5.0 Hexes
 - Level 10.0 Summonings
 - Level 5.0 Necromancy
 + Level 8.9 Translocations
 + Level 13.1 Transmutations
 - Level 10.0 Air Magic


You had 3 spell levels left.
You knew the following spells:

 Your Spells              Type           Power      Damage    Failure   Level
a - Summon Small Mammal   Summ           100%       N/A       1%          1
b - Call Imp              Summ           65%        N/A       1%          2
c - Call Canine Familiar  Summ           65%        N/A       1%          3
d - Summon Guardian Gole  Hex/Summ       56%        N/A       1%          3
e - Summon Lightning Spi  Summ/Air       65%        N/A       1%          4
f - Dispel Undead         Necr           45%        3d17      4%          4
g - Airstrike             Air            32%        2d(5-21)  1%          4
h - Dragon Form           Tmut           37%        N/A       11%         7
i - Blink                 Tloc           100%       N/A       1%          2
j - Summon Forest         Summ/Tloc      31%        N/A       1%          5

Your spell library contained the following spells:

 Spells                   Type           Power      Damage    Failure   Level
 Necrotise                Necr           100%       1d9       1%          1
 Shock                    Conj/Air       100%       1d9       1%          1
 Ensorcelled Hibernation  Hex/Ice        62%        N/A       1%          2
 Passwall                 Tmut/Erth      44%        N/A       1%          2
 Sublimation of Blood     Necr           45%        N/A       1%          2
 Gell's Gravitas          Tloc           61%        N/A       1%          3
 Lesser Beckoning         Tloc           61%        N/A       1%          3
 Swiftness                Air            65%        N/A       1%          3
 Teleport Other           Tloc           61%        N/A       1%          3
 Tukima's Dance           Hex            45%        N/A       1%          3
 Vampiric Draining        Necr           45%        2d9       1%          3
 Ozocubu's Armour         Ice            16%        N/A       9%          3
 Passage of Golubria      Tloc           61%        N/A       1%          4
 Ice Form                 Ice/Tmut       53%        N/A       2%          4
 Petrify                  Tmut/Erth      53%        N/A       2%          4
 Manifold Assault         Tloc           61%        N/A       2%          5
 Yara's Violent Unravell  Hex/Tmut       31%        3d13      2%          5
 Cause Fear               Hex            22%        N/A       4%          4
 Summon Ice Beast         Ice/Summ       45%        N/A       4%          4
 Irradiate                Conj/Tmut      26%        3d20      6%          5
 Agony                    Necr           45%        N/A       11%         5
 Hailstorm                Conj/Ice       16%        3d6       26%         4
 Metabolic Englaciation   Hex/Ice        15%        N/A       26%         5
 Eringya's Noxious Bog    Tmut/Pois      26%        N/A       26%         6
 Summon Hydra             Summ           32%        N/A       32%         7
 Death Channel            Necr           22%        N/A       43%         6
 Haunt                    Necr/Summ      28%        N/A       65%         7
 Dragon's Call            Summ           32%        N/A       100%        9
 Corpse Rot               Necr/Pois/Air  Unusable   N/A       N/A         4
 Simulacrum               Ice/Necr       Unusable   N/A       N/A         6

Dungeon Overview and Level Annotations

Branches:
Dungeon (12/15)            Temple (1/1) D:7            Lair (5/5) D:11
 Shoals (3/4) Lair:3       Spider (4/4) Lair:2        Slime (0/5) Lair:5
    Orc (2/2) D:12            Elf (0/3) Orc:2        Bailey (visited)

Altars:
Ashenzari
Cheibriados
Dithmenos
Elyvilon
Fedhas
Gozag
Hepliaklqana
Kikubaaqudgha
Makhleb
Nemelex Xobeh
Okawaru
Qazlal
Ru
Sif Muna
Trog
Uskayaw
Vehumet
Wu Jian
Xom
Yredelemnul
Zin
The Shining One
Jiyva

Shops:
Orc:2 :*[   Shoals:1 !   Shoals:2 [*(*   Shoals:3 !


Innate Abilities, Weirdness & Mutations

You have sharp claws.
You have razor-sharp teeth.
You have supernaturally acute eyesight. (SInv)
You cover ground quickly. (Speed+)
Your thick and shaggy fur keeps you warm. (AC +3, rC+)
Your paws help you pounce on unaware monsters.
You are incapable of wielding weapons or throwing items.
You cannot wear armour.
You gain extra lives every three experience levels.
You are mostly covered in iridescent scales. (AC +4)
You are dopey. (Int -2)
Your natural rate of healing is unusually fast.
Your spells are a little harder to cast, but a little more powerful.
You have hidden genetic potential.


Message History

The emperor scorpion closely misses you.
The emperor scorpion barely misses you.
You scratch the emperor scorpion but do no damage.
You bite the emperor scorpion, but do no damage.
The emperor scorpion is severely wounded.
You feel extremely sick. The emperor scorpion misses you.
The emperor scorpion claws you. The emperor scorpion claws you!
You scratch the emperor scorpion but do no damage.
The emperor scorpion is severely wounded.
You feel very sick.
The emperor scorpion completely misses you.
The emperor scorpion claws you but does no damage.
The emperor scorpion completely misses you.
The emperor scorpion misses you.
The emperor scorpion completely misses you.
The emperor scorpion claws you.
Aiming: Paralyse
Press: ? - help, Shift-Dir - straight line, f/p - emperor scorpion
Aim: an emperor scorpion (severely wounded, chance to affect: 17%)
Okay, then.
Aiming: Polymorph
Press: ? - help, Shift-Dir - straight line, f/p - emperor scorpion
Aim: an emperor scorpion (severely wounded, will become a bunyip, a fenstrider witch, or a tyrant leech, chance to affect: 17%)
Okay, then.
Aiming: Iceblast
Press: ? - help, Shift-Dir - straight line, f/p - emperor scorpion
Aim: an emperor scorpion (severely wounded)
Okay, then.
Aiming: Throw Flame
Press: ? - help, Shift-Dir - straight line, f/p - emperor scorpion
Aim: an emperor scorpion (severely wounded, 81% to hit)
The puff of flame misses the emperor scorpion.
You feel very sick. The emperor scorpion stings you!!
* * * LOW HITPOINT WARNING * * *
The emperor scorpion completely misses you.
The emperor scorpion claws you!
You die...
Your body crumbles into a pile of gold.

#######
♣^..^.###
#######..#..#.##
#..^.......)...#
#.......^^...^♣#
##...$..#...#♣♣
#......$s..##
..^..w.^.#..@#♣
............^#
.....^......##
@.......$.^##
....$#^^#.#♣
..^^....###
#......##


You could see an emperor scorpion.

Vanquished Creatures
  Nikola (Spider:2)
  Ilsuiw (Shoals:1)
  Donald (Spider:4)
  An emperor scorpion (Spider:3)
  Aizul (Spider:3)
  A spark wasp (Spider:3)
  2 merfolk impalers
  2 hydras
  A satyr (Shoals:3)
  A death yak (Lair:5)
  Urug (Orc:2)
  A pharaoh ant (Spider:4)
  2 skeletal warriors (D:12)
  A sea snake (Shoals:1)
  A steelbarb worm (Spider:3)
  An orc knight (Orc:2)
  2 harpies (Shoals:2)
  2 orc sorcerers (Orc:2)
  10 fauns
  6 manticores
  3 elephants (Lair:5)
  5 water nymphs
  5 merfolk sirens
  7 cane toads (Lair:5)
  An orange demon (Lair:3)
  A torpor snail (Spider:3)
  A komodo dragon (Lair:3)
  2 demonic crawlers
  A rime drake (Lair:5)
  2 meliai (Spider:2)
  A wind drake (Shoals:1)
  2 tyrant leeches (Lair:5)
  2 merfolk (Shoals:2)
  11 blink frogs
  3 slime creatures
  3 tarantellas
  3 dream sheep (Shoals:3)
  2 snapping turtles
  3 jumping spiders
  4 culicivoras
  2 yaks
  3 water elementals
  3 fire bats (Lair:4)
  3 vampire mosquitoes (Lair:5)
  13 redbacks
  A water moccasin (Lair:5)
  4 orc warriors
  2 ogres (Orc:1)
  A wolf (Lair:2)
  A phantom (D:12)
  3 bullfrogs (Lair:5)
  A troll zombie (D:12)
  2 howler monkeys (D:9)
  5 orc priests
  2 jellies (Lair:5)
  6 orc wizards
  A white imp (D:7)
  10 orcs
  2 ball pythons (D:2)
  3 bats (D:2)
  2 endoplasms (Lair:5)
  A giant cockroach (D:1)
  2 goblins
  A hobgoblin (D:2)
  2 jackals (D:1)
  A quokka (D:3)
  An orc zombie (D:12)
179 creatures vanquished.

Vanquished Creatures (collateral kills)
  Mara (Spider:3)
  A ghost moth (Spider:3)
  A broodmother (Spider:2)
  An entropy weaver (Spider:1)
  A merfolk impaler (Shoals:2)
  3 hydras
  A merfolk aquamancer (Shoals:2)
  A catoblepas (Lair:1)
  2 radroaches (Spider:3)
  A death yak (Lair:5)
  A two-headed ogre (D:11)
  3 slime creatures
  Nergalle (D:11)
  2 skeletal warriors (D:12)
  2 pharaoh ants
  3 orb spiders
  4 sea snakes
  An ugly thing (D:12)
  6 harpies
  4 wolf spiders
  An orc knight (Orc:2)
  3 orc sorcerers (Orc:2)
  7 fauns
  A cyclops (D:12)
  A black mamba (Lair:5)
  3 manticores
  2 merfolk sirens
  2 torpor snails
  4 water nymphs (Shoals:2)
  12 cane toads
  2 demonic crawlers
  2 yaktaurs (D:11)
  4 komodo dragons
  2 rime drakes
  5 trolls
  2 polar bears
  A hornet (D:11)
  10 merfolk
  A meliai (Spider:2)
  2 tyrant leeches (Lair:5)
  Grinder (D:5)
  3 wind drakes
  A tarantella (Spider:3)
  17 blink frogs
  10 dream sheep
  4 snapping turtles
  11 jumping spiders
  5 culicivoras
  2 shadows
  2 water elementals (Shoals:2)
  31 yaks
  2 wyverns
  2 basilisks (Lair:5)
  A steam dragon (D:9)
  19 redbacks
  6 vampire mosquitoes
  2 wargs
  An acid dragon (D:11)
  8 water moccasins
  12 orc warriors
  An ice beast (D:7)
  An ogre (Orc:2)
  A centaur (D:9)
  13 wolves
  A centaur (shapeshifter) (D:11)
  A phantom (D:12)
  4 kobold brigands
  14 bullfrogs
  3 scorpions
  2 wights (D:8)
  A troll zombie (D:12)
  12 killer bees
  3 hounds
  3 jellies (Lair:4)
  12 orc priests
  A gnoll bouda (Orc:2)
  4 iguanas
  21 orc wizards
  6 ogre zombies (D:12)
  9 gnolls
  7 adders
  A shadow imp (D:7)
  4 worms
  A dart slug (D:2)
  50 orcs
  4 ball pythons
  6 endoplasms
  5 giant cockroaches
  6 goblins
  11 hobgoblins
  3 jackals
  6 quokkas
  5 bats
  2 frilled lizards (D:1)
  A goblin zombie (D:12)
  4 hobgoblin skeletons (D:12)
  2 hobgoblin zombies (D:12)
  28 kobolds
  3 orc skeletons (D:12)
  14 orc zombies (D:12)
  8 rats
  3 butterflies (Lair:2)
534 creatures vanquished.

Vanquished Creatures (others)
  An orc warlord (Orc:2)
  A quicksilver ooze (Lair:4)
  2 entropy weavers (Spider:2)
  4 hydras
  A boulder beetle (Spider:2)
  2 two-headed ogres (D:11)
  An orc high priest (Orc:2)
  6 death yaks
  Amaemon (Lair:3)
  2 steelbarb worms
  A skeletal warrior (D:12)
  A sea snake (Shoals:1)
  3 orb spiders
  A faun (Shoals:3)
  5 wolf spiders
  An orc knight (Orc:2)
  2 manticores (D:12)
  A cyclops (Shoals:3)
  An ugly thing (D:12)
  2 black mambas
  A water nymph (Shoals:2)
  2 gargoyles
  A cane toad (Lair:1)
  2 komodo dragons
  A rime drake (Lair:1)
  3 merfolk
  5 polar bears
  5 blink frogs
  A slime creature (D:12)
  A tyrant leech (Lair:5)
  A snapping turtle (Shoals:1)
  A tarantella (Spider:1)
  4 jumping spiders
  A vampire (D:10)
  2 culicivoras (Spider:2)
  A water elemental (Shoals:1)
  A wraith (D:12)
  42 yaks
  Grum (D:8)
  4 redbacks
  A vampire mosquito (D:12)
  A basilisk (D:12)
  Edmund (D:4)
  A water moccasin (D:7)
  7 orc warriors
  A black bear (D:7)
  An ogre (Orc:2)
  4 wolves
  A bullfrog (Lair:5)
  A kobold brigand (D:7)
  A necrophage (D:6)
  A gnoll sergeant (D:8)
  8 wights
  2 orc priests (Orc:2)
  A jelly (D:7)
  An iguana (D:6)
  4 gnolls
  2 orcs
  A hobgoblin (Bailey)
  A kobold (D:7)
  A bush (Lair:3)
  29 fungi
  146 plants
  4 snaplasher vines
340 creatures vanquished.

Grand Total: 1053 creatures vanquished

Notes
Turn   | Place    | Note
-------+----------+-------------------------------------------
     0 | D:1      | croobank the Felid Summoner began the quest for the Orb.
     0 | D:1      | Reached XP level 1. HP: 7/7 MP: 4/4
   277 | D:1      | Reached skill level 3 in Dodging
   306 | D:1      | Reached XP level 2. HP: 11/11 MP: 3/6
   320 | D:1      | Learned a level 2 spell: Call Imp
   621 | D:1      | Found a faded altar of an unknown god.
   894 | D:1      | Reached XP level 3. HP: 14/14 MP: 5/7
   922 | D:1      | Learned a level 3 spell: Call Canine Familiar
  2527 | D:2      | You fall into a shaft and drop 2 floors!
  2572 | D:2      | Reached XP level 4. HP: 18/18 MP: 2/8
  3029 | D:3      | Reached skill level 4 in Dodging
  3527 | D:3      | Reached XP level 5. HP: 21/21 MP: 4/10
  4035 | D:3      | Learned a level 3 spell: Summon Guardian Golem
  4053 | D:3      | Found a glowing silver altar of Zin.
  4260 | D:4      | Noticed Edmund
  4547 | D:4      | Reached skill level 5 in Stealth
  4547 | D:4      | Reached skill level 5 in Summonings
  4877 | D:4      | Killed Edmund
  4878 | D:4      | Reached skill level 5 in Dodging
  4878 | D:4      | Gained mutation: You are covered in thick fur. (AC +2)
                  | [Felid growth]
  4878 | D:4      | Reached XP level 6. HP: 24/24 MP: 3/12
  5433 | D:5      | Entered Level 5 of the Dungeon
  5539 | D:5      | Noticed a water moccasin
  5554 | D:5      | Killed a water moccasin
  5555 | D:5      | Reached XP level 7. HP: 27/27 MP: 14/14
  5559 | D:5      | Found an ancient bone altar of Kikubaaqudgha.
  5689 | D:5      | Found a hazy altar of Hepliaklqana.
  5689 | D:5      | Found a basalt altar of Yredelemnul.
  5692 | D:5      | Reached skill level 6 in Dodging
  5731 | D:5      | Found a shadowy altar of Dithmenos.
  5733 | D:5      | Found a broken altar of Ashenzari.
  5733 | D:5      | Found a white marble altar of Elyvilon.
  5734 | D:5      | Found a sparkling altar of Nemelex Xobeh.
  5976 | D:5      | Noticed Grinder
  6022 | D:5      | Killed Grinder
  6023 | D:5      | Reached skill level 1 in Fighting
  6621 | D:6      | Reached XP level 8. HP: 24/33 MP: 15/15
  6735 | D:6      | Learned a level 4 spell: Corpse Rot
  7563 | D:7      | Reached skill level 7 in Dodging
  7563 | D:7      | Reached skill level 1 in Air Magic
  7629 | D:7      | Reached skill level 5 in Spellcasting
  7764 | D:7      | Found a staircase to the Ecumenical Temple.
  7801 | Temple   | Entered the Ecumenical Temple
  7840 | Temple   | Became a worshipper of Gozag Ym Sagoz the Greedy
  8222 | D:7      | Learned a level 4 spell: Summon Lightning Spire
  8473 | D:7      | Reached XP level 9. HP: 38/38 MP: 14/18
  8718 | D:8      | HP: 1/39 [orc priest/divine providence (14)]
  8721 | D:8      | Reached skill level 8 in Dodging
  8734 | D:8      | Killed from afar by an orc priest
  8735 | D:8      | Reached XP level 8. HP: -1/36 MP: 20/26
  9254 | D:8      | Found a flagged portal.
  9266 | Bailey   | Entered a bailey
  9296 | Bailey   | Noticed an orc warlord
  9704 | Bailey   | Found a runed translucent gate.
  9704 | Bailey   | Found a runed translucent gate.
  9716 | Bailey   | Found a runed translucent gate.
  9896 | Bailey   | Killed by an exploding themself... ignited by their inner
                  | flame
  9897 | Bailey   | Reached XP level 7. HP: -28/33 MP: 10/26
 10231 | D:8      | Reached XP level 8. HP: 36/36 MP: 18/18
 10481 | D:8      | Noticed Grum
 10596 | D:8      | Killed Grum
 10597 | D:8      | Reached skill level 9 in Dodging
 10915 | D:7      | Reached skill level 5 in Fighting
 11308 | D:9      | Reached XP level 9. HP: 38/40 MP: 16/19
 11698 | D:9      | Found a bloodstained altar of Trog.
 12245 | D:9      | Reached skill level 10 in Dodging
 12246 | D:9      | Reached skill level 5 in Air Magic
 12252 | D:9      | Reached XP level 10. HP: 45/45 MP: 18/21
 13118 | D:10     | Entered Level 10 of the Dungeon
 14294 | D:10     | Reached skill level 11 in Dodging
 14830 | D:11     | Noticed a gargoyle
 14846 | D:11     | Killed a gargoyle
 14847 | D:11     | Reached XP level 11. HP: 50/50 MP: 23/23
 14857 | D:11     | Paralysed by a hornet for 2 turns
 15014 | D:11     | Noticed a two-headed ogre
 15024 | D:11     | Killed a two-headed ogre
 15235 | D:11     | Noticed Nergalle
 15267 | D:11     | Killed Nergalle
 15333 | D:11     | Learned a level 4 spell: Dispel Undead
 15380 | D:11     | Found a staircase to the Lair.
 15500 | D:11     | Noticed a two-headed ogre
 15507 | D:11     | Killed a two-headed ogre
 15605 | D:11     | Noticed a two-headed ogre
 15781 | D:11     | Killed a two-headed ogre
 15885 | D:12     | Noticed a seven-headed hydra
 15886 | D:12     | Reached skill level 12 in Dodging
 15887 | D:12     | Noticed a brown ugly thing
 15905 | D:12     | Killed a brown ugly thing
 15906 | D:12     | Killed a seven-headed hydra
 15908 | D:12     | Reached skill level 10 in Summonings
 16395 | D:12     | Found a staircase to the Orcish Mines.
 17059 | D:12     | Noticed a cyan ugly thing
 17060 | D:12     | Noticed a skeletal warrior
 17062 | D:12     | Gained mutation: Your thick and shaggy fur keeps you warm.
                  | (AC +3, rC+) [Felid growth]
 17062 | D:12     | Reached XP level 12. HP: 7/56 MP: 12/26
 17063 | D:12     | Killed from afar by a manticore
 17064 | D:12     | Reached XP level 11. HP: -3/52 MP: 12/34
 17087 | Lair:1   | Entered Level 1 of the Lair of Beasts
 17162 | Lair:1   | Noticed a death yak
 17163 | Lair:1   | Noticed a death yak
 17172 | Lair:1   | Killed a death yak
 17172 | Lair:1   | Killed a death yak
 17173 | Lair:1   | Reached skill level 13 in Dodging
 17173 | Lair:1   | Noticed a death yak
 17191 | Lair:1   | Killed a death yak
 17530 | Lair:1   | Noticed a six-headed hydra
 17542 | Lair:1   | Killed a six-headed hydra
 17696 | Lair:1   | Noticed a catoblepas
 17712 | Lair:1   | Killed a catoblepas
 18256 | Lair:1   | Reached skill level 10 in Spellcasting
 18420 | Lair:1   | Reached skill level 14 in Dodging
 18713 | Lair:2   | Found a hole to the Spider Nest.
 18723 | Lair:2   | Reached skill level 10 in Fighting
 18846 | Lair:2   | Reached XP level 12. HP: 58/58 MP: 27/27
 18962 | Lair:2   | Noticed a six-headed hydra
 18965 | Lair:2   | Killed a six-headed hydra
 19492 | Lair:2   | Noticed a six-headed hydra
 19508 | Lair:2   | Killed a six-headed hydra
 19509 | Lair:2   | Reached skill level 15 in Dodging
 21175 | Lair:3   | Learned a level 4 spell: Airstrike
 21211 | Lair:3   | Reached skill level 16 in Dodging
 21619 | Lair:3   | Reached XP level 13. HP: 64/64 MP: 21/28
 21894 | Lair:3   | Noticed Amaemon
 21903 | Lair:3   | Killed Amaemon
 22253 | Lair:3   | Found a staircase to the Shoals.
 23187 | Lair:4   | Found a dark tunnel.
 23691 | Lair:4   | Noticed a quicksilver ooze
 23701 | Lair:4   | Killed a quicksilver ooze
 24140 | Lair:5   | Entered Level 5 of the Lair of Beasts
 24696 | Lair:5   | Reached skill level 17 in Dodging
 24697 | Lair:5   | Reached XP level 14. HP: 69/69 MP: 15/29
 24698 | Lair:5   | Reached XP level 15. HP: 73/73 MP: 15/30
 24707 | Lair:5   | Learned a level 7 spell: Dragon Form
 24950 | Lair:5   | Gained mutation: You have hidden genetic defects.
                  | [mutagenic glow]
 24964 | Lair:5   | Gained mutation: You occasionally lose the ability to read
                  | scrolls when taking damage. [mutagenic glow]
 25171 | Lair:5   | Found a viscous altar of Jiyva.
 25171 | Lair:5   | Found a staircase to the Slime Pits.
 26072 | Lair:5   | Reached skill level 10 in Transmutations
 26141 | Lair:5   | Gained mutation: You are clumsy. (Dex -2) [hidden defects]
 26594 | Lair:5   | Lost mutation: You occasionally lose the ability to read
                  | scrolls when taking damage. [potion of mutation]
 26594 | Lair:5   | Lost mutation: You are clumsy. (Dex -2) [potion of
                  | mutation]
 26594 | Lair:5   | Gained mutation: Your spells are a little easier to cast,
                  | but a little less powerful. [potion of mutation]
 26595 | Lair:5   | Lost mutation: You have hidden genetic defects. [potion of
                  | mutation]
 26595 | Lair:5   | Lost mutation: Your spells are a little easier to cast, but
                  | a little less powerful. [potion of mutation]
 26595 | Lair:5   | Gained mutation: You possess an exceptional clarity of
                  | mind. [potion of mutation]
 26595 | Lair:5   | Gained mutation: You are clumsy. (Dex -2) [potion of
                  | mutation]
 28504 | D:12     | Reached XP level 16. HP: 78/78 MP: 20/31
 28523 | D:12     | Gained mutation: You occasionally lose the ability to read
                  | scrolls when taking damage. [mutagenic glow]
 28701 | D:12     | Reached skill level 1 in Necromancy
 28729 | Orc:1    | Entered Level 1 of the Orcish Mines
 29193 | Orc:1    | Found a shimmering blue altar of Sif Muna.
 29422 | Orc:2    | Entered Level 2 of the Orcish Mines
 29811 | Orc:2    | Reached skill level 18 in Dodging
 30069 | Orc:2    | Noticed Urug
 30080 | Orc:2    | Killed Urug
 30459 | Orc:2    | Found Gulli's Book Emporium.
 30492 | Orc:2    | Found Hecwun's Antique Weapon Emporium.
 30654 | Orc:2    | Bought Great Wizards, Vol. VII for 420 gold pieces
 30654 | Orc:2    | Bought a book of Spatial Translocations for 364 gold pieces
 30657 | Orc:2    | Learned a level 2 spell: Blink
 30663 | Orc:2    | Learned a level 5 spell: Summon Forest
 31182 | Orc:2    | Found a staircase to the Elven Halls.
 31210 | Orc:2    | Found Usmech's General Store.
 31225 | Orc:2    | Found Ogaxuoprea's Antique Armour Emporium.
 31503 | Shoals:1 | Entered Level 1 of the Shoals
 31853 | Shoals:1 | Reached skill level 1 in Hexes
 32507 | Shoals:1 | Found Tuubik's Distillery.
 32571 | Shoals:1 | Bought a potion of mutation for 152 gold pieces
 32571 | Shoals:1 | Lost mutation: You are clumsy. (Dex -2) [potion of
                  | mutation]
 32571 | Shoals:1 | Lost mutation: You possess an exceptional clarity of mind.
                  | [potion of mutation]
 32571 | Shoals:1 | Gained mutation: You have hidden genetic potential. [potion
                  | of mutation]
 32571 | Shoals:1 | Gained mutation: Your muscles are strong. (Str +4, Int/Dex
                  | -1) [potion of mutation]
 32571 | Shoals:1 | Gained mutation: You are partially covered in large bone
                  | plates. (SH +4) [potion of mutation]
 32572 | Shoals:1 | Bought a potion of mutation for 152 gold pieces
 32572 | Shoals:1 | Lost mutation: You occasionally lose the ability to read
                  | scrolls when taking damage. [potion of mutation]
 32572 | Shoals:1 | Lost mutation: Your muscles are strong. (Str +4, Int/Dex
                  | -1) [potion of mutation]
 32572 | Shoals:1 | Gained mutation: You occasionally lose the ability to read
                  | scrolls when taking damage. [potion of mutation]
 32572 | Shoals:1 | Gained mutation: Your natural rate of healing is unusually
                  | fast. [potion of mutation]
 32572 | Shoals:1 | Gained mutation: Your mind is acute. (Int +4, Str/Dex -1)
                  | [potion of mutation]
 32583 | Shoals:1 | Reached skill level 10 in Air Magic
 33034 | Shoals:2 | Noticed Ilsuiw
 33127 | Shoals:1 | Killed Ilsuiw
 33423 | Shoals:2 | Reached skill level 1 in Translocations
 34962 | Shoals:2 | HP: 2/118 [merfolk/+0 trident (7)]
 34963 | Shoals:2 | Mangled by a merfolk
 34964 | Shoals:2 | Reached XP level 15. HP: -7/112 MP: 24/39
 35010 | Shoals:2 | Found Fojoaluk's Merfolk Magic.
 35011 | Shoals:2 | Found Fojoaluk's Merfolk Weapons.
 35032 | Shoals:2 | Bought the Treatise on the Comitatus for 480 gold pieces
 35699 | Shoals:3 | Demolished by a merfolk impaler
 35700 | Shoals:3 | Reached XP level 14. HP: -15/71 MP: 38/38
 35714 | Shoals:3 | Reached skill level 5 in Hexes
 35981 | Shoals:3 | Reached XP level 15. HP: 75/75 MP: 7/30
 36611 | Shoals:3 | Found Ukkadd's Distillery.
 36623 | Shoals:3 | Reached skill level 5 in Necromancy
 36841 | Shoals:3 | Bought a potion of mutation for 120 gold pieces
 36990 | Lair:5   | Lost mutation: Your mind is acute. (Int +4, Str/Dex -1)
                  | [potion of mutation]
 36990 | Lair:5   | Lost mutation: You are partially covered in large bone
                  | plates. (SH +4) [potion of mutation]
 36990 | Lair:5   | Lost mutation: You occasionally lose the ability to read
                  | scrolls when taking damage. [potion of mutation]
 36990 | Lair:5   | Gained mutation: You occasionally lose the ability to drink
                  | potions when taking damage. [potion of mutation]
 36990 | Lair:5   | Gained mutation: You have great hidden genetic potential.
                  | [potion of mutation]
 36991 | Lair:5   | Lost mutation: You occasionally lose the ability to drink
                  | potions when taking damage. [potion of mutation]
 36991 | Lair:5   | Lost mutation: You have great hidden genetic potential.
                  | [potion of mutation]
 36991 | Lair:5   | Gained mutation: You are dopey. (Int -2) [potion of
                  | mutation]
 36991 | Lair:5   | Gained mutation: Your spells are a little harder to cast,
                  | but a little more powerful. [potion of mutation]
 36991 | Lair:5   | Gained mutation: You are partially covered in iridescent
                  | scales. (AC +2) [potion of mutation]
 37156 | Spider:1 | Entered Level 1 of the Spider Nest
 37609 | Spider:1 | Reached skill level 5 in Translocations
 37804 | Spider:1 | You fall into a shaft and drop 1 floor!
 38221 | Spider:2 | Noticed Nikola
 38241 | Spider:2 | Killed Nikola
 38242 | Spider:2 | Reached skill level 19 in Dodging
 40350 | Spider:3 | Noticed Aizul
 40395 | Spider:3 | Killed Aizul
 40923 | Spider:3 | Gained mutation: You are mostly covered in iridescent
                  | scales. (AC +4) [hidden potential]
 41237 | Spider:3 | Noticed an emperor scorpion
 41249 | Spider:3 | Killed an emperor scorpion
 41749 | Spider:3 | Noticed Mara
 41764 | Spider:3 | Noticed croobank's illusion
 41778 | Spider:3 | Noticed croobank's illusion
 41780 | Spider:3 | Killed Mara
 42254 | Spider:4 | Entered Level 4 of the Spider Nest
 42266 | Spider:4 | Noticed an emperor scorpion
 42277 | Spider:4 | Reached XP level 16. HP: 47/80 MP: 11/32
 42283 | Spider:4 | Identified a scroll of acquirement
 42288 | Spider:4 | Noticed Donald
 42335 | Spider:4 | Killed Donald
 42671 | Spider:4 | Slain by an emperor scorpion

Illustrated notes

Levels and vault maps discovered:
D:1:      evilmike_arrival_plus, layout_loops_ring,
          hellmonk_ecumenical_altar_arch_garden, minmay_tetromino_s4
D:2:      layout_basic
D:3:      layout_rooms, lemuel_coloured_pillars_altar, minmay_bisected
D:4:      layout_rooms, cheibrodos_sewer_entry_bend, minmay_close_crescents,
          uniq_edmund
D:5:      layout_cave_pools, grunt_temple_overflow_open, uniq_grinder
D:6:      layout_basic
D:7:      dreamdust_elfheim, layout_rooms, minmay_temple_entry_tees
D:8:      layout_basic, enter_bailey_4, uniq_grum
D:9:      layout_irregular_city, trog_butcher_becter, serial_column_ruins,
          column_ruins_square_medium, column_ruins_columns_straight,
          column_ruins_columns_straight, column_ruins_grid_3
D:10:     layout_basic
D:11:     layout_rooms, lair_entry_dummy, grunt_tough_drop, uniq_nergalle
D:12:     layout_rooms, zombieorc2_lemuel
Temple:   compressed_dpeg_triangle_lava_temple
Lair:1:   layout_cave_pods
Lair:2:   layout_long_grid, spider_nest_entry_funnel_web,
          gauntlet_entry_generic, nicolae_lair_run_with_the_wolves,
          lemuel_fruit_fields, grunt_megastairs_5, lemuel_fruit_tree,
          serial_bayou_shore_a
Lair:3:   layout_regular_city, elwin_shoals_entry_stream, serial_bayou_pond_e,
          chequers_serial_rivers_room_b, uniq_amaemon
Lair:4:   layout_regular_city, nicolae_volcano_entry_batcave,
          nicolae_lair_time_for_slime
Lair:5:   minmay_lair_end_frog_pond, layout_regular_city,
          nicolae_slime_entry_slimehenge, infiniplex_staircase_pool_2
Shoals:1: layout_shoals, serial_shops, nicolae_shop_statue_plus,
          nicolae_shoals_land_atoll
Shoals:2: nicolae_shoals_mermall, layout_shoals, uniq_ilsuiw
Shoals:3: layout_shoals, serial_shops, nicolae_shop_window_shopping
Spider:1: layout_spider_delve, drop_trap
Spider:2: layout_chambers, uniq_nikola
Spider:3: layout_spider_delve, uniq_aizul, uniq_mara
Spider:4: grunt_spider_rune_circles, uniq_donald
Orc:1:    layout_caves, kennysheep_orc_sif_temple
Orc:2:    grunt_orc_cross, layout_diamond_mine

Skill      XL: |  1  2  3  4  5  6  7  8  9 10 11 12 13 14 15 16 |
---------------+-------------------------------------------------+-----
Stealth        | 3 4 5 6 |  6.4
Dodging        | 3 4 5 6 9 10 11 14 16 17 19 18 | 19.0
Spellcasting   | 3 4 6 7 10 11 | 11.8
Summonings     | 5 6 7 8 9 10 | 10.0
Fighting       | 1 5 6 7 10 11 12 14 13 | 14.9
Air Magic      | 4 5 6 7 8 9 10 | 10.0
Transmutations | 6 9 13 11 | 13.1
Necromancy     | 5 4 |  5.0
Hexes          | 5 4 |  5.0
Translocations | 4 8 3 |  8.9

Action                   |  1- 3 |  4- 6 |  7- 9 | 10-12 | 13-15 | 16-18 || total
-------------------------+-------+-------+-------+-------+-------+-------++-------
Melee: Unarmed           |    38 |    14 |    36 |    48 |    93 |    79 ||   308
       Bite              |     4 |       |     4 |    11 |     7 |    16 ||    42
       Punch             |     1 |       |       |     1 |     2 |     3 ||     7
       Tailslap          |       |       |       |       |     3 |    12 ||    15
 Cast: Summon Small Mamm |    56 |    44 |   108 |    97 |    45 |    21 ||   371
       Call Imp          |     9 |    14 |    28 |    34 |    18 |     6 ||   109
       Call Canine Famil |     7 |    20 |    51 |    73 |    76 |    16 ||   243
       Summon Guardian G |       |     8 |    55 |   110 |    84 |    30 ||   287
       Summon Lightning  |       |       |    14 |    68 |   109 |    69 ||   260
       Dispel Undead     |       |       |       |     3 |       |       ||     3
       Airstrike         |       |       |       |     4 |   233 |   176 ||   413
       Summon Forest     |       |       |       |       |    10 |     2 ||    12
       Dragon Form       |       |       |       |       |     6 |     5 ||    11
Invok: Potion Petition   |       |       |       |       |     4 |     1 ||     5
 Abil: Breathe Fire      |       |       |       |       |     1 |     5 ||     6
Evoke: Wand              |       |       |     4 |     2 |    30 |    13 ||    49
       Phantom mirror    |       |       |       |       |     2 |       ||     2
  Use: Scroll            |     8 |     5 |    13 |     9 |     7 |     4 ||    46
       Potion            |       |     1 |       |     3 |    15 |     7 ||    26
 Stab: Sleeping          |     4 |       |       |       |       |       ||     4
       Distracted        |       |       |       |     3 |     3 |     2 ||     8
       Paralysed         |       |       |       |       |     2 |       ||     2
Armor: Skin              |    12 |     3 |     7 |     6 |    20 |    20 ||    68
Dodge: Dodged            |    76 |    39 |   161 |   167 |   265 |   180 ||   888
Block: Other             |       |       |       |       |     9 |     8 ||    17
